 Dungeon Sprint DCSS version 0.29.1-13-g9f3cf754e1 (webtiles) character file.

Game seed: 9552597623292014950

54331 boopmooplesden the Axe Maniac (level 14, -4/144 HPs)
             Began as a Minotaur Berserker on Feb 1, 2023.
             Was the Champion of Trog.
             Killed from afar by a lava snake (9 damage)
             ... with a glob of lava
             ... in the Dungeon (Sprint II: "The Violet Keep of Menkaure").
             The game lasted 00:15:24 (4409 turns).

boopmooplesden the Axe Maniac (Minotaur Berserker)  Turns: 4409, Time: 00:15:25

Health: -4/144     AC: 37    Str: 42    XL:     14   Next: 34%
Magic:  22/22      EV: 12    Int: 15    God:    Trog [******]
Gold:   1832       SH:  0    Dex:  8    Spells: 13/13 levels left

rFire   + + .      SeeInvis .   n - +4 executioner's axe (freeze)
rCold   + + .      Faith    .   (shield currently unavailable)
rNeg    . . .      Spirit   .   C - +6 plate armour of Words of Power {rElec rF++ Will- Int+4}
rPois   .          Reflect  .   k - +2 hat {Stlth+}
rElec   +          Harm     .   m - +3 cloak of the Trees {rC+ MP+9 Int+4}
rCorr   .          Rampage  .   j - +1 pair of gloves
Will    .....      NoTele   +   r - +1 pair of boots of Xutwora {+Inv rElec Str+2}
Stlth   ..........              (no amulet)
HPRegen 0.34/turn               J - ring "Ustreach" {Contam rC+ Str+2 Int+4}
MPRegen 0.18/turn               E - +6 ring of strength

@: lethally poisoned (-4 -> -19), flying, slowed, studying Necromancy, very slow
A: horns 2, retaliatory headbutt, frail 1, mutation resistance 1, strong 1, no
potion heal 1
a: Renounce Religion, Evoke Invisibility, Berserk, Trog's Hand, Brothers in Arms


You were in the Dungeon.
You worshipped Trog.
Trog was exalted by your worship.
You visited 1 branch You collected 3640 gold pieces.
You spent 1808 gold pieces at shops.

Inventory:

Hand Weapons
 a - a +0 hand axe
 n - a +4 executioner's axe of freezing (weapon)
 v - a +5 vorpal executioner's axe
 L - the +3 battleaxe of Wrongful Imprisonment {antimagic, *Noise rF+ rC+++ rN++}
   (Trog gifted it to you in the Dungeon)

   It reduces the magical energy of the wielder, and disrupts the spells and
   magical abilities of those it strikes.
   Natural abilities and divine invocations are not affected.
   rF:        It protects you from fire.
   rC:        It renders you almost immune to cold.
   rN:        It greatly protects you from negative energy.
   *Noise:    It may make noises in combat.
Armour
 j - a +1 pair of gloves (worn)
 k - a +2 hat of stealth (worn)
 l - a +2 chain mail of fire resistance
 m - the +3 cloak of the Trees (worn) {rC+ MP+9 Int+4}
   (You bought it in a shop in the Dungeon)

   Int:       It affects your intelligence (+4).
   rC:        It protects you from cold.
   MP:        It affects your magic capacity (+9).
 r - the +1 pair of boots of Xutwora (worn) {+Inv rElec Str+2}
   (You bought it in a shop in the Dungeon)

   Str:       It affects your strength (+2).
   rElec:     It insulates you from electricity.
   +Inv:      It lets you turn invisible.
 u - a scarf of repulsion
 y - the +1 cloak of Starlight {*Dazzle EV+4 Stlth--}
   (You found it in the Dungeon)

   It may blind those who miss an attack against the wearer in melee combat.
   EV:        It affects your evasion (+4).
   Stlth:     It makes you much less stealthy.
 z - a +2 hat
 C - the +6 plate armour of Words of Power (worn) {rElec rF++ Will- Int+4}
   (You bought it in a shop in the Dungeon)

   Int:       It affects your intelligence (+4).
   rF:        It greatly protects you from fire.
   rElec:     It insulates you from electricity.
   Will:      It decreases your willpower.
 D - the +5 plate armour of the Sun {rN+ Will+ rCorr}
   (You found it in the Dungeon)

   rN:        It protects you from negative energy.
   rCorr:     It protects you from acid and corrosion.
   Will:      It increases your willpower.
Jewellery
 h - a ring of fire
 i - a ring of ice
 x - a ring of ice
 E - a +6 ring of strength (right hand)
 I - a ring of fire
 J - the ring "Ustreach" (left hand) {Contam rC+ Str+2 Int+4}
   (You found it in the Dungeon)

   [ring of protection from cold]

   Str:       It affects your strength (+2).
   Int:       It affects your intelligence (+4).
   rC:        It protects you from cold.
   Contam:    It causes magical contamination when unequipped.
 K - an amulet of magic regeneration
 P - a +6 ring of intelligence
Scrolls
 q - a scroll of fog
 s - a scroll of blinking
 t - 10 scrolls of identify
 M - a scroll of magic mapping
 N - a scroll of poison {unknown}
 O - a scroll of amnesia {unknown}
Potions
 b - 26 potions of mutation
 c - a potion of curing
 d - 3 potions of heal wounds
 e - 5 potions of haste
 f - 14 potions of magic
 g - a potion of berserk rage
 o - 2 potions of resistance
 p - a potion of degeneration {unknown}
 w - a potion of invisibility
 A - 3 potions of might {unknown}
Miscellaneous
 B - a box of beasts
 H - a tin of tremorstones (2/2)


   Skills:
 + Level 24.4 Fighting
 O Level 27 Axes
 + Level 20.1 Armour
 + Level 10.6 Dodging
 + Level 3.7 Stealth
 + Level 1.9 Unarmed Combat


You had 13 spell levels left.
You didn't know any spells.
Your spell library was empty.

Dungeon Overview and Level Annotations

Branches:
Dungeon (1/1)

Altars:
Cheibriados
Dithmenos
Elyvilon
Fedhas
Gozag
Hepliaklqana
Kikubaaqudgha
Makhleb
Nemelex Xobeh
Okawaru
Qazlal
Ru
Sif Muna
Trog
Uskayaw
Vehumet
Wu Jian
Xom
Yredelemnul
Zin
The Shining One
Jiyva
Lugonu

Shops:
D ((?!:?*:?[*([*(:=****=:[=!:[!(=:?!(

Annotations:
D exclusion: oklob plant


Innate Abilities, Weirdness & Mutations

You have a pair of horns on your head.
You reflexively headbutt those who attack you in melee.
You are frail. (-10% HP)
You are somewhat resistant to further mutation.
Your muscles are strong. (Str +4, Int/Dex -1)
Potions are less effective at restoring your health.


Message History

A lava snake comes into view.
The lava snake moves out of view.
You hear an angry hiss.
Really fly into that cloud of flame? [Y]es or [N]o only, please.
Really fly into that cloud of flame? [Y]es or [N]o only, please.
Really fly into that cloud of flame? [Y]es or [N]o only, please.
Really fly into that cloud of flame? [Y]es or [N]o only, please.
Really fly into that cloud of flame? [Y]es or [N]o only, please.
Really fly into that cloud of flame? [Y]es or [N]o only, please.
Really fly into that cloud of flame?
A lava snake comes into view.
You are engulfed in blazing flames.
You resist.
* * * LOW HITPOINT WARNING * * *
x2 You feel extremely sick.
The lava snake spits lava at you.
The glob of lava hits you but does no damage.
The lava snake barely misses you. The lava snake spits lava at you.
The glob of lava hits you but does no damage.
There is an open door here.
You slice the lava snake!! You freeze the lava snake!
You kill the lava snake!
Trog accepts your kill.
* * * LOW HITPOINT WARNING * * *
You feel extremely sick.
Found 81 gold pieces.
* * * LOW HITPOINT WARNING * * *
You feel extremely sick. The lava snake spits lava at you.
The glob of lava misses you.
The lava snake bites you but does no damage.
The lava snake spits lava at you. The glob of lava hits you!
You partially resist.
You die...

##(!{######~~####.#.####§~.§
#)(D#$.+,##~~~#..#..#§§§~~§
#∩P$+.s#+*#'#~###.###~~§~§~
#[.$#s##≈##.#°~##'##~~§≈≈≈~
#?).###≈○≈####~~~~~~~~§~§§≈
**+*##○○○°§#,#°''#+++#~≈§≈≈
*,,$##○☼○°°###≈°.°°°°##≈≈≈#
**+###○○°SS##°°°≈≈°..≈##≈≈#
*,,,*+○°°○@○○○○○.°≈°≈≈.+≈≈#
**+**#≈°°≈S##○☼○☼°○≈≈≈##≈≈≈
*,,,*#°○§§○###≈○°°≈°≈######
**+**#≈○☼○§#∩####+####.....
*,,,*##°°○##...^#####....°.
*,∩,+*##§##∩...^...+...°...
*,,,*,,###########.##°°....
******,,"}o}:oooo#.^##.....
###################...######


You could see 2 redbacks and 3 lava snakes.

Vanquished Creatures
  A golden dragon (D)
  A hellephant (D)
  A deep elf blademaster (D)
  A kraken (D)
  Kirke (D)
  2 sphinxes (D)
  Gastronok (D)
  A storm dragon (D)
  A draconian shifter (D)
  Nessos (D)
  A dire elephant (D)
  A yaktaur captain (D)
  A great orb of eyes (D)
  A centaur warrior (D)
  An iron elemental (D)
  3 sixfirhies (D)
  Sonja (D)
  An obsidian statue (D)
  A glowing orange brain (D)
  2 deep trolls (D)
  A harpy (D)
  An orange crystal statue (D)
  3 orc sorcerers (D)
  An elephant (D)
  3 manticores (D)
  15 shining eyes (D)
  An ice statue (D)
  An eye of devastation (D)
  A yaktaur (D)
  5 polar bears (D)
  A hornet (D)
  17 flying skulls (D)
  2 wyverns (D)
  4 neqoxecs (D)
  Menkaure (D)
  4 water moccasins (D)
  10 floating eyes (D)
  A necrophage (D)
  5 scorpions (D)
  A lava snake (D)
  An iron imp (D)
  A jelly (D)
  3 worms (D)
  2 tentacles (D)
109 creatures vanquished.

Vanquished Creatures (collateral kills)
  A skeletal warrior (D)
1 creature vanquished.

Vanquished Creatures (others)
  A kobold demonologist (D)
  A flying skull (D)
  11 tentacles (D)
13 creatures vanquished.

Grand Total: 123 creatures vanquished

Notes
Turn   | Place    | Note
-------+----------+-------------------------------------------
     0 | D        | boopmooplesden the Minotaur Berserker began the quest for
                  | the Orb.
     0 | D        | Reached XP level 1. HP: 19/19 MP: 0/0
     7 | D        | Reached skill level 4 in Axes
    10 | D        | Reached ** piety under Trog
    11 | D        | Reached XP level 2. HP: 28/28 MP: 1/1
   145 | D        | Noticed a scorpion
   145 | D        | Noticed a scorpion
   145 | D        | Noticed a scorpion
   145 | D        | Noticed a scorpion
   149 | D        | Killed a scorpion
   150 | D        | Reached skill level 7 in Axes
   150 | D        | Reached XP level 3. HP: 38/38 MP: 2/2
   153 | D        | Killed a scorpion
   154 | D        | Reached skill level 8 in Axes
   154 | D        | Reached XP level 4. HP: 48/48 MP: 3/3
   157 | D        | Killed a scorpion
   158 | D        | Reached skill level 9 in Axes
   158 | D        | Reached XP level 5. HP: 57/57 MP: 4/4
   160 | D        | Reached *** piety under Trog
   161 | D        | Reached skill level 10 in Axes
   161 | D        | Reached skill level 5 in Armour
   293 | D        | Noticed a neqoxec
   293 | D        | Noticed a neqoxec
   293 | D        | Noticed a neqoxec
   293 | D        | Noticed a neqoxec
   299 | D        | Killed a neqoxec
   300 | D        | Reached skill level 10 in Fighting
   300 | D        | Reached skill level 11 in Axes
   300 | D        | Reached skill level 5 in Dodging
   300 | D        | Reached XP level 6. HP: 67/67 MP: 5/5
   303 | D        | Killed a neqoxec
   304 | D        | Reached skill level 12 in Axes
   315 | D        | Killed a neqoxec
   316 | D        | Reached XP level 7. HP: 77/77 MP: 6/6
   322 | D        | Killed a neqoxec
   322 | D        | Reached **** piety under Trog
   323 | D        | Reached skill level 13 in Axes
   361 | D        | Noticed a wyvern
   361 | D        | Noticed a wyvern
   368 | D        | Killed a wyvern
   370 | D        | Killed a wyvern
   371 | D        | Reached skill level 14 in Axes
   371 | D        | Reached XP level 8. HP: 71/86 MP: 7/7
   518 | D        | Found Kitacowudo's Jewellery Emporium.
   518 | D        | Found Hoel's Jewellery Shoppe.
   518 | D        | Found Qioff's Book Emporium.
   518 | D        | Found Tolelan's Assorted Antiques.
   518 | D        | Found Qoyrudd's Distillery.
   518 | D        | Found Lilodown's Armour Shoppe.
   518 | D        | Found Wopoxy's Distillery.
   518 | D        | Found Gissa's Antique Armour Shoppe.
   519 | D        | Found Ynaanirgh's Antique Armour Shoppe.
   519 | D        | Found Sotax's Antique Weapon Emporium.
   523 | D        | Noticed Menkaure
   523 | D        | Noticed a fire dragon
   533 | D        | Killed Menkaure
   533 | D        | Reached ***** piety under Trog
   560 | D        | Found Goucaci's Magic Scroll Emporium.
   560 | D        | Found Kaqufy's Book Shoppe.
   560 | D        | Noticed an oklob plant
   561 | D        | Found Xackaq's Distillery.
   561 | D        | Found Cocust's Book Shoppe.
   561 | D        | Found Nijin's Magic Scroll Emporium.
   569 | D        | Bought a pair of gloves for 90 gold pieces
   569 | D        | Bought a pair of boots for 90 gold pieces
   591 | D        | Bought a glowing chain mail for 120 gold pieces
   591 | D        | Bought an ichor-stained cloak for 152 gold pieces
   591 | D        | Identified the +3 cloak of the Trees {rC+ MP+9 Int+4} (You
                  | bought it in a shop in the Dungeon)
   635 | D        | Found a snail-covered altar of Cheibriados.
   636 | D        | Found a shadowy altar of Dithmenos.
   636 | D        | Found a viscous altar of Jiyva.
   637 | D        | Found a white marble altar of Elyvilon.
   637 | D        | Found an ancient bone altar of Kikubaaqudgha.
   638 | D        | Found a blossoming altar of Fedhas.
   638 | D        | Found a corrupted altar of Lugonu.
   638 | D        | Found a shimmering blue altar of Sif Muna.
   639 | D        | Found an opulent altar of Gozag.
   639 | D        | Found a burning altar of Makhleb.
   639 | D        | Found a bloodstained altar of Trog.
   640 | D        | Found a sparkling altar of Nemelex Xobeh.
   640 | D        | Found a hide-covered altar of Uskayaw.
   641 | D        | Found an iron altar of Okawaru.
   641 | D        | Found a radiant altar of Vehumet.
   641 | D        | Found a glowing silver altar of Zin.
   641 | D        | Found a basalt altar of Yredelemnul.
   641 | D        | Noticed a polar bear
   641 | D        | Noticed a polar bear
   642 | D        | Noticed a yaktaur
   642 | D        | Noticed a hornet
   646 | D        | Killed a polar bear
   647 | D        | Reached skill level 15 in Axes
   647 | D        | Noticed a polar bear
   652 | D        | Killed a polar bear
   655 | D        | Killed a hornet
   656 | D        | Reached skill level 16 in Axes
   658 | D        | Killed a polar bear
   659 | D        | Reached skill level 15 in Fighting
   659 | D        | Reached XP level 9. HP: 93/97 MP: 8/8
   665 | D        | Killed a yaktaur
   769 | D        | Noticed a kraken
   773 | D        | Reached skill level 17 in Axes
   793 | D        | Reached ****** piety under Trog
   793 | D        | Received a gift from Trog
  1110 | D        | Found the +0 staff of Battle
  1441 | D        | Killed a kraken
  1442 | D        | Reached skill level 18 in Axes
  1442 | D        | Reached skill level 10 in Armour
  1442 | D        | Reached skill level 1 in Stealth
  1484 | D        | Found a shimmering altar of Xom.
  1484 | D        | Found a sacrificial altar of Ru.
  1485 | D        | Found a glowing golden altar of the Shining One.
  1485 | D        | Found an ornate altar of the Wu Jian Council.
  1485 | D        | Found a stormy altar of Qazlal.
  1639 | D        | Found a hazy altar of Hepliaklqana.
  1647 | D        | Noticed an ice statue
  1666 | D        | Noticed a deep troll
  1666 | D        | Noticed a deep troll
  1672 | D        | Killed a deep troll
  1673 | D        | Reached XP level 10. HP: 108/108 MP: 9/9
  1673 | D        | Killed a deep troll
  1828 | D        | Noticed a sphinx
  1830 | D        | Noticed a sphinx
  1835 | D        | Killed a sphinx
  1836 | D        | Reached skill level 19 in Axes
  1836 | D        | Killed a sphinx
  1836 | D        | Received a gift from Trog
  1920 | D        | Reached skill level 20 in Axes
  1927 | D        | Reached XP level 11. HP: 107/117 MP: 10/10
  1935 | D        | Received a gift from Trog
  1971 | D        | Reached skill level 15 in Armour
  1996 | D        | Bought the +6 plate armour of Words of Power {rElec rF++
                  | Will- Int+4} for 975 gold pieces
  2027 | D        | Noticed an obsidian statue
  2030 | D        | Noticed Kirke
  2030 | D        | Noticed a yaktaur captain
  2030 | D        | Noticed a skeletal warrior
  2030 | D        | Noticed a centaur warrior
  2048 | D        | Killed a yaktaur captain
  2049 | D        | Reached skill level 21 in Axes
  2174 | D        | Killed a skeletal warrior
  2180 | D        | Killed Kirke
  2180 | D        | Received a gift from Trog
  2229 | D        | Noticed an iron elemental
  2234 | D        | Killed an iron elemental
  2238 | D        | Killed a centaur warrior
  2239 | D        | Reached skill level 22 in Axes
  2253 | D        | Received a gift from Trog
  2343 | D        | Noticed a shining eye
  2343 | D        | Noticed a shining eye
  2343 | D        | Noticed a great orb of eyes
  2343 | D        | Noticed a shining eye
  2347 | D        | Paralysed by a great orb of eyes for 3 turns
  2352 | D        | Killed a great orb of eyes
  2353 | D        | Reached skill level 23 in Axes
  2355 | D        | Killed a shining eye
  2355 | D        | Gained mutation: You sometimes lose your temper in combat.
                  | [a shining eye]
  2356 | D        | Killed a shining eye
  2356 | D        | Killed a shining eye
  2357 | D        | Reached skill level 1 in Unarmed Combat
  2382 | D        | Found Gishonie's Antique Weapon Emporium.
  2382 | D        | Found Vuuthrusch's Weapon Shop.
  2383 | D        | Found Xeschov's Magic Scroll Shop.
  2383 | D        | Found Hoiphaul's Armour Shoppe.
  2383 | D        | Found Houmevu's Antique Weapon Boutique.
  2383 | D        | Found Qaiduoj's General Store.
  2383 | D        | Found Otex's Jewellery Shop.
  2383 | D        | Found Tainowie's General Store.
  2383 | D        | Found Luveu's General Store.
  2383 | D        | Found Erumuol's Book Emporium.
  2383 | D        | Found Rimuoc's Assorted Antiques.
  2383 | D        | Found Diba's Book Shoppe.
  2389 | D        | Bought the +1 pair of boots of Xutwora {+Inv rElec Str+2}
                  | for 381 gold pieces
  2486 | D        | Killed an obsidian statue
  2487 | D        | Reached skill level 24 in Axes
  2487 | D        | Reached XP level 12. HP: 130/130 MP: 11/11
  2511 | D        | Noticed a golden dragon
  2522 | D        | Killed a golden dragon
  2522 | D        | Received a gift from Trog
  2730 | D        | Found Gomiuh's Antique Weapon Boutique.
  2730 | D        | Found Hutilos's Distillery.
  2730 | D        | Found Raur's Magic Scroll Shop.
  2730 | D        | Found Qoaza's Weapon Boutique.
  2730 | D        | Noticed a storm dragon
  2736 | D        | Killed a storm dragon
  3133 | D        | Reached skill level 25 in Axes
  3140 | D        | Found Pyrhi's Book Shoppe.
  3141 | D        | Found Akiomooss's Jewellery Boutique.
  3166 | D        | Found Weics's Assorted Antiques.
  3166 | D        | Found Yqedunur's General Store.
  3168 | D        | Noticed Nessos
  3185 | D        | Killed Nessos
  3533 | D        | Received a gift from Trog
  3534 | D        | Reached skill level 10 in Dodging
  3538 | D        | Noticed Gastronok
  3543 | D        | Killed Gastronok
  3569 | D        | Noticed a dire elephant
  3573 | D        | Killed a dire elephant
  3574 | D        | Reached skill level 26 in Axes
  3589 | D        | Received a gift from Trog
  3591 | D        | Found the +1 cloak of Starlight {*Dazzle EV+4 Stlth--}
  3598 | D        | Identified the +5 chain mail "Piafinle" {rN+ Int+3}
  3602 | D        | Identified the -1 buckler of the Tuna {rF- rN+++ MP+9
                  | Str-4}
  3603 | D        | Identified the +5 plate armour of the Sun {rN+ Will+ rCorr}
  3622 | D        | Identified the +6 short sword "Taogef" {elec, rPois rC+++
                  | Will- Dex-2}
  3637 | D        | Identified the ring "Ustreach" {Contam rC+ Str+2 Int+4}
  3727 | D        | Gained mutation: You have an uncontrollable temper.
                  | [mutagenic glow]
  3746 | D        | Gained mutation: Potions are less effective at restoring
                  | your health. [mutagenic glow]
  3748 | D        | Noticed a deep elf blademaster
  3762 | D        | Killed a deep elf blademaster
  3767 | D        | Identified the +3 battleaxe of Wrongful Imprisonment
                  | {antimagic, *Noise rF+ rC+++ rN++} (Trog gifted it to you
                  | in the Dungeon)
  3767 | D        | Received a gift from Trog
  3771 | D        | Reached XP level 13. HP: 136/143 MP: 12/12
  3772 | D        | Gained mutation: You occasionally shout uncontrollably at
                  | your foes. [mutagenic glow]
  3786 | D        | Gained mutation: You frequently scream uncontrollably at
                  | your foes. [mutagenic glow]
  3792 | D        | Gained mutation: Your spells are a little easier to cast,
                  | but a little less powerful. [mutagenic glow]
  3802 | D        | Gained mutation: You are clumsy. (Dex -2) [mutagenic glow]
  3813 | D        | Gained mutation: Your mind is acute. (Int +4, Str/Dex -1)
                  | [mutagenic glow]
  3923 | D        | Reached skill level 27 in Axes
  3923 | D        | Reached XP level 14. HP: 141/152 MP: 13/13
  3938 | D        | Paralysed by a floating eye for 4 turns
  3939 | D        | Lost mutation: Your mind is acute. (Int +4, Str/Dex -1) [a
                  | shining eye]
  3943 | D        | Received a gift from Trog
  3943 | D        | Gained mutation: You are frail. (-10% HP) [a shining eye]
  3944 | D        | Received a gift from Trog
  3944 | D        | Gained mutation: You do not regenerate when monsters are
                  | visible. [a shining eye]
  3945 | D        | Gained mutation: Your spells are easier to cast, but less
                  | powerful. [a shining eye]
  3945 | D        | Gained mutation: You are dopey. (Int -2) [a shining eye]
  3946 | D        | Gained mutation: You have hidden genetic defects. [a
                  | shining eye]
  3949 | D        | Received a gift from Trog
  3951 | D        | Lost mutation: Your spells are easier to cast, but less
                  | powerful. [a shining eye]
  3952 | D        | Gained mutation: You are very frail. (-20% HP) [a shining
                  | eye]
  3956 | D        | Lost mutation: Your spells are a little easier to cast, but
                  | a little less powerful. [a shining eye]
  3977 | D        | Lost mutation: You are clumsy. (Dex -2) [potion of
                  | mutation]
  3977 | D        | Lost mutation: You have an uncontrollable temper. [potion
                  | of mutation]
  3977 | D        | Lost mutation: You are very frail. (-20% HP) [potion of
                  | mutation]
  3978 | D        | Lost mutation: You have hidden genetic defects. [potion of
                  | mutation]
  3978 | D        | Lost mutation: You are dopey. (Int -2) [potion of mutation]
  3978 | D        | Lost mutation: You frequently scream uncontrollably at your
                  | foes. [potion of mutation]
  3979 | D        | Lost mutation: You sometimes lose your temper in combat.
                  | [potion of mutation]
  3979 | D        | Lost mutation: You do not regenerate when monsters are
                  | visible. [potion of mutation]
  3979 | D        | Lost mutation: You occasionally shout uncontrollably at
                  | your foes. [potion of mutation]
  3979 | D        | Gained mutation: You are weak. (Str -2) [potion of
                  | mutation]
  3979 | D        | Gained mutation: You are partially covered in iridescent
                  | scales. (AC +2) [potion of mutation]
  3980 | D        | Lost mutation: You are partially covered in iridescent
                  | scales. (AC +2) [potion of mutation]
  3980 | D        | Lost mutation: You are weak. (Str -2) [potion of mutation]
  3980 | D        | Gained mutation: You are somewhat resistant to further
                  | mutation. [potion of mutation]
  3980 | D        | Gained mutation: Your muscles are strong. (Str +4, Int/Dex
                  | -1) [potion of mutation]
  4026 | D        | Noticed a purple draconian shifter
  4026 | D        | Noticed Sonja
  4027 | D        | Noticed a hellephant
  4029 | D        | Killed Sonja
  4029 | D        | Received a gift from Trog
  4041 | D        | Killed a purple draconian shifter
  4162 | D        | Killed a hellephant
  4409 | D        | HP: 5/144 [poison (dark miasma)]
  4409 | D        | Killed from afar by a lava snake

Illustrated notes

Levels and vault maps discovered:
D:        the_violet_keep_of_menkaure [sprint2_stairs_cluster_1,
          sprint2_shoproom, sprint2_temple, sprint2_basic_supplies,
          sprint2_obstacle_1, sprint2_obstacle_2, sprint2_obstacle_3,
          sprint2_obstacle_5, sprint2_obstacle_4, sprint2_timed_cluster_1,
          sprint2_smallroom_cluster_1, sprint2_smallroom_final_cluster_1,
          sprint2_transparent_cluster_1, sprint2_second_timed_cluster_1,
          sprint2_sniper_area_1, sprint2_heavy_combat_area_1,
          sprint2_mutation_trap_area_1, sprint2_forest_area_1,
          sprint2_light_combat_area_1, sprint2_behind_water_1,
          sprint2_near_end_vault_1]

Skill      XL: |  1  2  3  4  5  6  7  8  9 10 11 12 13 14 |
---------------+-------------------------------------------+-----
Fighting       | 4 6 7 9 10 12 13 15 16 17 19 21 24 | 24.4
Axes           | 4 7 8 9 11 12 14 16 18 20 24 26 27 | 27.0
Armour         | 3 4 5 6 8 11 14 16 18 20 | 20.1
Dodging        | 3 4 5 6 7 8 9 10 | 10.6
Stealth        | 1 2 3 |  3.7
Unarmed Combat | 1 |  1.9

Action                   |  1- 3 |  4- 6 |  7- 9 | 10-12 | 13-15 || total
-------------------------+-------+-------+-------+-------+-------++-------
Melee: Hand axe          |    12 |    27 |    68 |       |       ||   107
       Headbutt          |     1 |     4 |    19 |    32 |     7 ||    63
       Executioner's axe |       |       |    24 |   174 |    35 ||   233
       Punch             |       |       |     1 |       |       ||     1
       Unarmed           |       |       |       |     3 |       ||     3
Invok: Berserk           |     2 |     1 |     4 |     2 |     3 ||    12
       Trog's Hand       |       |       |       |     1 |       ||     1
       Brothers in Arms  |       |       |       |     1 |       ||     1
  Use: Scroll            |       |       |     1 |     5 |     3 ||     9
       Potion            |       |       |       |    14 |     7 ||    21
Armor: Chain mail        |       |       |    45 |    37 |       ||    82
       Animal skin       |       |       |     1 |       |       ||     1
       Plate armour      |       |       |       |    94 |    18 ||   112
Dodge: Dodged            |     4 |     8 |    37 |    78 |    12 ||   139
